 Dungeon Crawl Stone Soup version 0.23.2-11-gf996548c65 (webtiles) character file.

Game seed: 7903909102248613389

632 KristianNielsen the Covered (level 7, -4/61 HPs)
             Began as a Minotaur Fighter on June 5, 2019.
             Killed by nerve-wracking pain
             ... invoked by a shadow imp
              (12 damage)
             ... on level 5 of the Dungeon.
             The game lasted 00:14:28 (3059 turns).

KristianNielsen the Covered (Minotaur Fighter)      Turns: 3059, Time: 00:14:28

Health: -4/61      AC:  7    Str: 22    XL:     7   Next: 24%
Magic:  6/6        EV:  8    Int:  5    God:
Gold:   226        SH: 10    Dex: 10    Spells: 6/6 levels left

rFire    . . .     SeeInvis .   a - +0 war axe
rCold    . . .     Gourm    .   c - +0 shield
rNeg     . . .     Faith    .   g - +0 scale mail
rPois    .         Spirit   .   (helmet restricted)
rElec    .         Reflect  .   (no cloak)
rCorr    .         Harm     .   (no gloves)
MR       .....                  (no boots)
Stlth    ..........             (no amulet)
HPRegen  0.20/turn              (no ring)
MPRegen  0.10/turn              (no ring)

@: no status effects
A: retaliatory headbutt, horns 2
a: no special abilities


You were on level 5 of the Dungeon.
You were not hungry.

You visited 1 branch of the dungeon, and saw 5 of its levels.

You collected 226 gold pieces.

Inventory:

Hand Weapons
 a - a +0 war axe (weapon)
 b - a +0 hunting sling
Missiles
 j - 119 stones (quivered)
 k - 25 bolts
 o - 50 sling bullets
 w - 13 poisoned needles
Armour
 c - a +0 shield (worn)
 g - a +0 scale mail (worn)
 x - a +0 pair of gloves
Jewellery
 m - an uncursed amulet of guardian spirit {unknown}
 n - a cursed ring of teleportation {unknown}
 p - a cursed amulet of inaccuracy {unknown}
 s - an uncursed ring of ice {unknown}
 t - an uncursed ring of positive energy {unknown}
Scrolls
 h - 2 scrolls of identify
 l - a scroll of enchant weapon {unknown}
 u - a scroll of blinking {unknown}
 v - a scroll of teleportation {unknown}
Potions
 d - a potion of might
 e - a potion of haste
 i - a potion of brilliance {unknown}
 q - a potion of degeneration {unknown}
 z - a potion of berserk rage {unknown}
Comestibles
 f - 12 rations
 r - 8 chunks of flesh


   Skills:
 + Level 5.5 Fighting
 + Level 4.9 Axes
 + Level 3.1 Slings
 + Level 5.6 Armour
 + Level 5.5 Shields


You had 6 spell levels left.
You didn't know any spells.
Your spell library was empty.

Dungeon Overview and Level Annotations

Branches:
Dungeon (5/15)
 Temple: D:4-7

Altars:
Dithmenos
Makhleb


Innate Abilities, Weirdness & Mutations

You reflexively headbutt those who attack you in melee.
You have a pair of horns on your head.


Message History

You struggle to resist.
Found a stone staircase leading down.
The shadow imp gestures at you. Pain shoots through your body!
* * * LOW HITPOINT WARNING * * *
As you open the door, it creaks loudly! The shadow imp gestures at you.
Pain shoots through your body!
* * * LOW HITPOINT WARNING * * *
There is an open door here.
You close the door.
You start resting.
A shadow imp opens the door.
You block the shadow imp's attack.
There is an open door here.
You slash the shadow imp! Your headbutt misses the shadow imp.
The shadow imp is almost dead.
The shadow imp gestures at you. Pain shoots through your body!
You die...

.# .# ######.# ...
# #......######
....#.... .........
....#.#.# #...(#
.....>... +....+
.....##.###....#
.........5@....####
........###........
........###<.......
##......+...#...$..
#......#####......
##+#.... ......
...#... ..#.##
#...#.... .#
#...#.....


You could see a shadow imp.

Vanquished Creatures
  An ogre (D:4)
  A centaur (D:3)
  2 scorpions (D:4)
  A crimson imp (D:3)
  3 orc priests
  An orc wizard (D:3)
  Terence (D:2)
  2 worker ants (D:4)
  5 adders
  3 oozes
  5 worms
  2 leopard geckos
  An orc (D:3)
  8 bats
  A giant cockroach (D:1)
  9 goblins
  12 hobgoblins
  12 jackals
  2 kobolds
  A quokka (D:4)
  6 frilled lizards
  8 rats
87 creatures vanquished.

Notes
Turn   | Place    | Note
-------+----------+-------------------------------------------
     0 | D:1      | KristianNielsen the Minotaur Fighter began the quest for
                  | the Orb.
     0 | D:1      | Reached XP level 1. HP: 19/19 MP: 0/0
   126 | D:1      | Reached XP level 2. HP: 27/27 MP: 1/1
   426 | D:1      | Reached XP level 3. HP: 33/33 MP: 2/2
   881 | D:2      | Found a shadowy altar of Dithmenos.
   924 | D:2      | Noticed Terence
   931 | D:2      | Killed Terence
   931 | D:2      | Reached XP level 4. HP: 34/40 MP: 3/3
  1370 | D:2      | Reached skill level 1 in Slings
  1804 | D:3      | Reached XP level 5. HP: 47/47 MP: 4/4
  2189 | D:3      | Noticed a centaur
  2193 | D:3      | Killed a centaur
  2193 | D:3      | Reached skill level 5 in Armour
  2193 | D:3      | Reached XP level 6. HP: 49/55 MP: 5/5
  2286 | D:3      | Found a burning altar of Makhleb.
  2290 | D:3      | Reached skill level 5 in Fighting
  2290 | D:3      | Reached skill level 5 in Shields
  2937 | D:4      | Reached XP level 7. HP: 61/61 MP: 6/6
  3040 | D:5      | Entered Level 5 of the Dungeon
  3059 | D:5      | Killed from afar by a shadow imp

Skill      XL: |  1  2  3  4  5  6 |
---------------+-------------------+-----
Armour         | 4 5 |  5.6
Axes           | 3 4 |  4.9
Shields        | 4 5 |  5.5
Fighting       | 4 5 |  5.5
Slings         | 1 2 3 |  3.1

Action                   |  1- 3 |  4- 6 |  7- 9 || total
-------------------------+-------+-------+-------++-------
Melee: War axe           |    54 |    69 |     9 ||   132
       Headbutt          |     3 |    16 |     2 ||    21
 Fire: Hunting sling     |    15 |    93 |     7 ||   115
  Use: Scroll            |       |     3 |       ||     3
  Eat: Chunk             |       |     6 |     1 ||     7
Armor: Scale mail        |    21 |    27 |     3 ||    51
Dodge: Dodged            |    19 |    21 |     1 ||    41
Block: Shield            |    28 |    41 |     6 ||    75
